AoeStats
← PancakeDa

Arena

509194293Analyzed
1v1 RM · 6d ago on Sep 25, 2026· 36m 32s· 2 players
Game mode
Random Map
Map size
Tiny (2 player)
Population
200
Speed
Normal
Resources
Standard
Victory
Conquest
Starting age
Dark Age
Ending age
Imperial Age
RankedLock teamsTeams togetherTeam positionsShared explorationLock speedFull tech treeHidden civsTurbo modeCheats
Victory
Defeat
🇨🇱 Bohemians · Chile
499
+18
🇬🇧 Chinese · United Kingdom
545
-18
Fernando II
11:32 Feudal Age
16:34 Horse Collar
16:44 Double-Bit Axe
20:45 Castle Age
19:17 Padded Archer Armor
19:22 Fletching
21:30 Wheelbarrow
22:28 Leather Archer Armor
23:14 Heavy Plow
23:40 Bow Saw
27:07 Chemistry
28:56 Hand Cart
30:49 Ballistics
30:33 Bodkin Arrow
35:35 Imperial Age
PancakeDa
0:37 Loom
10:54 Feudal Age
11:46 Double-Bit Axe
18:32 Castle Age
18:34 Arson
19:27 Forging
19:37 Pikeman
22:43 Horse Collar
23:08 Squires
23:13 Scale Mail Armor
28:31 Iron Casting
34:09 Imperial Age
32:11 Fletching
35:07 Ballistics
Connection lost

Rejoining the realm…

Still unreachable

The connection could not be restored.

Session expired

The server has moved on; the page needs a fresh start.